 Dungeon Crawl Stone Soup version 0.18.1-50-g88ac8fd (webtiles) character file.

38 lorenzova the Poker (level 3, -1/28 HPs)
             Began as a Merfolk Skald on Oct 18, 2016.
             Slain by a giant cockroach (2 damage)
             ... on level 2 of the Dungeon.
             The game lasted 00:01:41 (1318 turns).

lorenzova the Poker (Merfolk Skald)                 Turns: 1318, Time: 00:01:41

Health: -1/28      AC:  4    Str: 13    XL:     3   Next: 43%
Magic:  0/6        EV: 12    Int: 11    God:
Gold:   45         SH:  0    Dex: 13    Spells: 2 memorised, 3 levels left

rFire  . . .     SeeInvis .     a - +0 spear
rCold  . . .     Gourm    .     b - +0 leather armour
rNeg   . . .     Faith    .     (no shield)
rPois  .         Spirit   .     (no helmet)
rElec  .         Dismiss  .     (no cloak)
rCorr  .         Reflect  .     e - +0 pair of gloves
SustAt .         Harm     .     (no boots)
MR     .....                    (no amulet)
Stlth  +.........               (no ring)
                                (no ring)

@: lethally poisoned (-1 -> -7), infused, singing, very slightly contaminated,
not resistant to hostile enchantments, very unstealthy
A: change form in water, swift swim
a: Stop Singing


You were on level 2 of the Dungeon.
You were not hungry.

You visited 1 branch of the dungeon, and saw 2 of its levels.

You collected 45 gold pieces.

Inventory:

Hand Weapons
 a - a +0 spear (weapon)
Armour
 b - a +0 leather armour (worn)
 e - a +0 pair of gloves (worn)
Scrolls
 f - 2 scrolls of enchant weapon {unknown}
 g - a scroll of teleportation {unknown}
 i - a scroll of enchant armour {unknown}
 j - a scroll of recharging {unknown}
 k - 3 scrolls of identify {unknown}
 l - a scroll of blinking {unknown}
 m - a scroll of remove curse {unknown}
Books
 c - a book of Battle

   Spells                             Type                      Level
   a - Infusion                       Charms                       1
   b - Shroud of Golubria             Charms/Translocation         2
   c - Song of Slaying                Charms                       2
   d - Spectral Weapon                Hexes/Charms                 3
   e - Regeneration                   Charms/Necromancy            3
Comestibles
 d - 4 bread rations
 h - a slice of pizza
 n - a meat ration


   Skills:
 + Level 2.9 Fighting
 + Level 3.7 Polearms
 - Level 0.6 Armour
 + Level 3.0 Dodging
 - Level 2.0 Spellcasting
 - Level 3.2 Charms


You had 3 spell levels left.
You knew the following spells:

 Your Spells              Type           Power        Failure   Level  Hunger
a - Infusion              Chrm           #...         12%         1    ##.....
b - Song of Slaying       Chrm           #.......     17%         2    ###....


Dungeon Overview and Level Annotations

Branches:
Dungeon (2/15)

Altars:


Message History

You feel sick. The bat completely misses you.
The giant cockroach closely misses you. The giant cockroach bites you.
The adder bites you but does no damage. The hobgoblin hits you with a club.
* * * LOW HITPOINT WARNING * * *
The kobold hits you but does no damage. The worm closely misses you.
The giant cockroach bites you but does no damage. x2
Unknown command.
Unknown command.
You are too injured to fight recklessly!
Unknown command.
You are too injured to fight recklessly!
You completely miss the hobgoblin. The bat barely misses you.
The bat closely misses you. The adder misses you.
The hobgoblin hits you with a club.
* * * LOW HITPOINT WARNING * * *
The kobold hits you with a dagger.
* * * LOW HITPOINT WARNING * * *
The adder bites you but does no damage. The rat bites you but does no damage.
The giant cockroach bites you.
You die...

.. ... . . .
.#..## .....#
#######.#..##.#
.....<.......
......sbS.##..#
......g@K...w.#
.....#wsr..##..
### ...........
...#....!.###
###.#..#..... .
.......#.# #
#....... #
#.##..###


You could see 2 worms, an adder, 2 giant cockroaches, a hobgoblin, a bat, a
kobold and a rat.

Vanquished Creatures
  An ooze (D:1)
  A dart slug (D:1)
  A giant cockroach (D:1)
  5 hobgoblins (D:1)
  11 jackals (D:1)
  2 bats (D:1)
  2 giant newts (D:1)
  2 goblins (D:1)
  A kobold (D:1)
  3 rats (D:1)
29 creatures vanquished.

Notes
Turn   | Place    | Note
--------------------------------------------------------------
     0 | D:1      | lorenzova the Merfolk Skald began the quest for the Orb.
     0 | D:1      | Reached XP level 1. HP: 16/16 MP: 3/3
   261 | D:1      | Reached XP level 2. HP: 18/23 MP: 5/5
   265 | D:1      | Learned a level 2 spell: Song of Slaying
   702 | D:1      | Reached XP level 3. HP: 24/28 MP: 1/6
  1318 | D:2      | HP: 1/28 [kobold/dagger (1)]
  1318 | D:2      | Slain by a giant cockroach

Skill      XL: |  1  2  3 |
---------------+----------+-----
Dodging        | 2 3 |  3.0
Fighting       | |  2.9
Polearms       | |  3.7
Armour         | |  0.6
Spellcasting   | |  2.0
Charms         | |  3.2

Action                   || total
-------------------------++-------
Melee: Spear             ||   143
 Cast: Infusion          ||     4
       Song of Slaying   ||     1
 Stab: Sleeping          ||     1
  Eat: Chunk             ||     2
Armor: Leather armour    ||    50
Dodge: Dodged            ||   100
